 Dungeon Crawl Stone Soup version 0.23.2 (webtiles) character file.

Game seed: 18309409679401764820

328 Borgoz the Cutter (level 6, -2/37 HPs)
             Began as a Gargoyle Gladiator on Apr 8, 2019.
             Slain by an ogre
             ... wielding a +0 giant club
              (21 damage)
             ... on level 4 of the Dungeon.
             The game lasted 00:04:38 (4124 turns).

Borgoz the Cutter (Gargoyle Gladiator)              Turns: 4124, Time: 00:04:39

Health: -2/37      AC:  9    Str: 18    XL:     6   Next: 50%
Magic:  6/6        EV: 13    Int:  8    God:
Gold:   253        SH:  0    Dex: 13    Spells: 5/5 levels left

rFire    + . .     SeeInvis .   a - +1 dagger (venom)
rCold    . . .     Gourm    .   (no shield)
rNeg     + . .     Faith    .   k - +0 leather armour
rPois    ∞         Spirit   .   c - +0 helmet
rElec    +         Reflect  .   (no cloak)
rCorr    .         Harm     .   (no gloves)
MR       .....                  o - +0 pair of boots
Stlth    ++........             (no amulet)
HPRegen  0.12/turn              g - ring of protection from fire
MPRegen  0.10/turn              (no ring)

@: no status effects
A: negative energy resistance 1, electricity resistance, unbreathing,
petrification resistance, rot immunity, AC +4
a: no special abilities


You were on level 4 of the Dungeon.
You were not hungry.

You visited 1 branch of the dungeon, and saw 4 of its levels.

You collected 253 gold pieces.

Inventory:

Hand Weapons
 a - a +1 dagger of venom (weapon)
 b - a +2 short sword of speed
 r - a +3 dagger
 y - a +0 rapier
Missiles
 d - 3 throwing nets (quivered)
 p - 12 tomahawks
Armour
 c - a +0 helmet (worn)
 k - a +0 leather armour (worn)
 o - a +0 pair of boots (worn)
Jewellery
 g - a ring of protection from fire (left hand)
 A - the amulet of the Four Winds {rN+ MR+++ Clar}
   (You found it on level 4 of the Dungeon)

   [amulet of nothing]

   It protects you from negative energy.
   It affects your resistance to hostile enchantments.
   It protects you against confusion.
Wands
 s - a wand of acid (13)
Scrolls
 i - a scroll of enchant weapon {unknown}
 j - a scroll of amnesia {unknown}
 l - 3 scrolls of identify {unknown}
 m - 5 scrolls of remove curse {unknown}
 n - 2 scrolls of fog {unknown}
 x - a scroll of teleportation {unknown}
Potions
 e - a potion of mutation {unknown}
 h - 2 potions of heal wounds {unknown}
 q - a potion of flight {unknown}
 t - 2 potions of agility {unknown}
 u - a potion of berserk rage {unknown}
 v - a potion of brilliance {unknown}
 z - a potion of curing {unknown}
Comestibles
 f - 9 rations
 w - 10 chunks of flesh


   Skills:
 + Level 3.4 Fighting
 * Level 4.1 Short Blades
 - Level 1.7 Throwing
 + Level 2.2 Armour
 * Level 3.6 Dodging
 + Level 2.5 Stealth


You had 5 spell levels left.
You didn't know any spells.
Your spell library was empty.

Dungeon Overview and Level Annotations

Branches:
Dungeon (4/15)
 Temple: D:4-7

Altars:
Wu Jian


Innate Abilities, Weirdness & Mutations

You are resistant to torment.
Your stone body is resilient. (AC +4)
You are immune to poison.
You resist negative energy. (rN+)
You are resistant to electric shocks. (rElec)
You can survive without breathing.
You are immune to petrification.
You are immune to rotting.


Message History

You barely miss the ogre.
The ogre is lightly wounded.
The ogre hits you with a +0 giant club.
You are too injured to fight recklessly!
You are too injured to fight recklessly!
You completely miss the ogre.
The ogre is lightly wounded.
You hit the ogre.
The ogre looks as sick as possible!
The ogre is moderately wounded.
The ogre barely misses you.
You hit the ogre but do no damage.
The ogre looks as sick as possible!
The ogre is moderately wounded.
The ogre closely misses you.
You hit the ogre.
The ogre looks as sick as possible!
The ogre is heavily wounded.
You barely miss the ogre.
The ogre is heavily wounded.
The ogre hits you with a +0 giant club!!
Ouch! That really hurt!
You die...

##.#####.<...)....
#.#..........#.###
##.#####.....#.#
#.# ##...##.# ##.#
######+# #..# #.##
####.##.##
#...@....#
#.##.O...... #
#.....### ##.#..#
....# .#### .# .#


You could see an ogre.

Vanquished Creatures
  A bullfrog skeleton (D:4)
  3 orc wizards
  2 worker ants (D:4)
  5 adders
  A shadow imp (D:3)
  An ooze (D:2)
  4 worms
  3 dart slugs
  2 leopard geckos
  11 orcs
  6 bats
  2 giant cockroaches
  5 goblins
  10 hobgoblins
  10 jackals
  10 kobolds
  3 quokkas
  3 frilled lizards
  A leopard gecko skeleton (D:3)
  A quokka skeleton (D:4)
  5 rats
89 creatures vanquished.

Notes
Turn   | Place    | Note
-------+----------+-------------------------------------------
     0 | D:1      | Borgoz the Gargoyle Gladiator began the quest for the Orb.
     0 | D:1      | Reached XP level 1. HP: 12/12 MP: 1/1
   285 | D:1      | Reached XP level 2. HP: 16/17 MP: 2/2
   951 | D:1      | Reached skill level 3 in Short Blades
  1113 | D:2      | Reached XP level 3. HP: 17/22 MP: 3/3
  1271 | D:2      | Reached skill level 1 in Stealth
  1312 | D:2      | Found an ornate altar of the Wu Jian Council.
  1320 | D:2      | Reached skill level 1 in Armour
  1590 | D:2      | Reached XP level 4. HP: 27/27 MP: 4/4
  2354 | D:3      | Reached XP level 5. HP: 19/32 MP: 5/5
  3757 | D:4      | Reached XP level 6. HP: 31/37 MP: 6/6
  3867 | D:4      | Reached skill level 4 in Short Blades
  4023 | D:4      | Found the amulet of the Four Winds {rN+ MR+++ Clar}
  4124 | D:4      | Slain by an ogre

Skill      XL: |  1  2  3  4  5  6 |
---------------+-------------------+-----
Short Blades   | 3 4 |  4.1
Stealth        | 1 2 |  2.5
Armour         | 1 2 |  2.2
Dodging        | 3 |  3.6
Fighting       | 3 |  3.4
Throwing       | |  1.7

Action                   |  1- 3 |  4- 6 || total
-------------------------+-------+-------++-------
Melee: Rapier            |    44 |       ||    44
       Short sword       |    42 |   226 ||   268
       Dagger            |       |    34 ||    34
 Stab: Sleeping          |     1 |     1 ||     2
  Eat: Chunk             |     1 |     6 ||     7
       Ration            |       |     1 ||     1
Armor: Leather armour    |    27 |    70 ||    97
Dodge: Dodged            |    65 |   124 ||   189
